 Dungeon Crawl Stone Soup version 0.22.1-1-ga44c0e5 (webtiles) character file.

1297 Anon1729 the Sneak (level 8, -12/68 HPs)
             Began as a Formicid Assassin on Oct 25, 2018.
             Mangled by a two-headed ogre
             ... wielding a +0 giant spiked club
              (35 damage)
             ... on level 8 of the Dungeon.
             The game lasted 00:13:39 (7413 turns).

Anon1729 the Sneak (Formicid Assassin)              Turns: 7413, Time: 00:13:39

Health: -12/68     AC:  8    Str: 16    XL:     8   Next: 87%
Magic:  0/8        EV: 14    Int: 11    God:
Gold:   315        SH:  0    Dex: 14    Spells: 7/7 levels left

rFire    . . .     SeeInvis +   a - +2 dagger
rCold    . . .     Gourm    .   (no shield)
rNeg     . . .     Faith    .   c - +0 robe
rPois    .         Spirit   +   (helmet unavailable)
rElec    .         Reflect  .   d - +0 cloak
rCorr    .         Harm     .   i - +0 pair of gloves
MR       +....     Clarity  +   (no boots)
Stlth    ++++......             E - amulet of guardian spirit
HPRegen  0.21/turn              m - +4 ring of protection
MPRegen  0.11/turn              B - ring of flight

@: no status effects
A: permanent stasis, dig shafts and tunnels, four strong arms, antennae 3,
clarity, magic resistance 1, robust 1, MP-powered wands
a: Dig, Shaft Self, Evoke Flight


You were on level 8 of the Dungeon.
You were very hungry.

You visited 1 branch of the dungeon, and saw 7 of its levels.

You collected 315 gold pieces.

Inventory:

Hand Weapons
 a - a +2 dagger (weapon)
 b - a +0 blowgun
 v - a +0 trident
Missiles
 e - 52 poisoned needles
Armour
 c - a +0 robe (worn)
 d - a +0 cloak (worn)
 i - a +0 pair of gloves (worn)
Jewellery
 m - a +4 ring of protection (left hand)
 B - a ring of flight (right hand)
 E - an amulet of guardian spirit (around neck)
Scrolls
 h - a scroll of fear {unknown}
 j - 2 scrolls of magic mapping {unknown}
 l - 4 scrolls of remove curse
 o - 3 scrolls of fog {unknown}
 p - a scroll of blinking {unknown}
 r - 2 scrolls of teleportation {unknown}
 s - 4 scrolls of identify
 u - 2 scrolls of immolation {unknown}
 w - a scroll of amnesia {unknown}
 x - 3 scrolls of enchant weapon {unknown}
 y - 2 scrolls of noise {unknown}
 A - a scroll of enchant armour {unknown}
Potions
 k - 2 potions of brilliance {unknown}
 n - 4 potions of mutation
 q - 3 potions of curing
 t - a potion of degeneration {unknown}
 C - a potion of resistance {unknown}
 F - a potion of ambrosia {unknown}
 G - 2 potions of haste
Comestibles
 g - 8 rations
 H - 2 chunks of flesh


   Skills:
 + Level 5.0 Fighting
 + Level 4.4 Short Blades
 + Level 4.2 Throwing
 + Level 4.0 Armour
 + Level 3.8 Dodging
 + Level 7.6 Stealth


You had 7 spell levels left.
You didn't know any spells.
Your spell library contained the following spells:

 Spells                   Type           Power        Failure   Level  Hunger
 Freeze                   Ice            #...         34%         1    ##.....
 Throw Frost              Conj/Ice       #.....       47%         2    ###....
 Ozocubu's Armour         Chrm/Ice       #.......     71%         3    ####...
 Summon Ice Beast         Ice/Summ       #.......     98%         4    #####..
 Throw Icicle             Conj/Ice       #.......     98%         4    #####..


Dungeon Overview and Level Annotations

Branches:
Dungeon (6/15)
 Temple: D:4-7

Altars:
Fedhas
Hepliaklqana
Kikubaaqudgha
Makhleb
Sif Muna

Annotations:
D:3 2 runed doors, Bodigarde's ghost, amateur KoBe


Innate Abilities, Weirdness & Mutations

You cannot be hasted, slowed, berserked, paralysed or teleported.
You can dig through walls and to a lower floor.
Your four strong arms can wield two-handed weapons with a shield.
You have a pair of large antennae on your head. (SInv)
You possess an exceptional clarity of mind.
You are resistant to hostile enchantments. (MR+)
You are robust. (+10% HP)
You expend magic power (3 MP) to strengthen your wands.


Message History

Unknown command.
Unknown command.
Unknown command.
Unknown command.
You hit the two-headed ogre but do no damage.
The two-headed ogre is moderately wounded.
Unknown command.
You aren't carrying any items that you can evoke.
You feel much better.
The two-headed ogre hits you with a giant spiked club!!
The two-headed ogre hits you with a giant club!
* * * LOW HITPOINT WARNING * * *
You feel better.
You hit the two-headed ogre but do no damage.
The two-headed ogre is heavily wounded.
You completely miss the two-headed ogre.
The two-headed ogre is heavily wounded.
The two-headed ogre hits you with a giant spiked club!!!
Ouch! That really hurt!
You die...

########## ###
#........# #@##
#........####O#
##..........o##
##......#..{#
#......#.###
#....{...#
{{{##...#..##
#o..#.##
5......# {


You could see a two-headed ogre.

Vanquished Creatures
  An ice beast (D:6)
  2 sky beasts
  An ogre (D:4)
  A phantom (D:4)
  Blork the orc (D:4)
  2 bullfrogs (D:8)
  2 howler monkeys
  A centaur zombie (D:5)
  A hound (D:5)
  2 jellies
  4 orc wizards
  3 worker ants
  7 gnolls (D:5)
  5 adders
  A shadow imp (D:6)
  An ooze (D:1)
  An adder skeleton (D:4)
  2 worms (D:2)
  A dart slug (D:1)
  8 leopard geckos
  20 orcs
  A ball python (D:3)
  5 bats
  11 giant cockroaches
  7 goblins
  8 hobgoblins
  18 jackals
  2 quokkas
  14 frilled lizards
  6 kobolds
  2 leopard gecko skeletons
  2 quokka skeletons
  4 rats
147 creatures vanquished.

Notes
Turn   | Place    | Note
-------+----------+-------------------------------------------
     0 | D:1      | Anon1729 the Formicid Assassin began the quest for the Orb.
     0 | D:1      | Reached XP level 1. HP: 16/16 MP: 1/1
    88 | D:1      | Reached skill level 5 in Stealth
    99 | D:1      | Reached XP level 2. HP: 10/22 MP: 2/2
   330 | D:1      | Reached skill level 1 in Dodging
   382 | D:1      | Reached XP level 3. HP: 21/28 MP: 3/3
  1167 | D:2      | Reached XP level 4. HP: 34/34 MP: 4/4
  2154 | D:3      | Reached XP level 5. HP: 39/40 MP: 5/5
  2212 | D:3      | Found a large runed door.
  2213 | D:3      | Found a large runed door.
  2355 | D:3      | Noticed Bodigarde's ghost (amateur KoBe)
  2448 | D:3      | Reached skill level 1 in Armour
  2470 | D:3      | Reached skill level 6 in Stealth
  2981 | D:3      | Found a blossoming altar of Fedhas.
  2981 | D:3      | Found an ancient bone altar of Kikubaaqudgha.
  3488 | D:3      | Found a hazy altar of Hepliaklqana.
  3773 | D:4      | Noticed an ogre
  3782 | D:4      | Killed an ogre
  3782 | D:4      | Reached XP level 6. HP: 28/47 MP: 6/6
  3784 | D:4      | Noticed a phantom
  3949 | D:4      | Noticed a phantom
  3970 | D:4      | Killed a phantom
  3970 | D:4      | Reached XP level 7. HP: 27/53 MP: 7/7
  4433 | D:4      | Noticed Blork the orc
  5100 | D:4      | Found a deep blue altar of Sif Muna.
  5143 | D:4      | Killed Blork the orc
  5391 | D:5      | Entered Level 5 of the Dungeon
  5589 | D:5      | Reached skill level 7 in Stealth
  5823 | D:5      | Reached XP level 8. HP: 60/60 MP: 8/8
  6161 | D:5      | Found a burning altar of Makhleb.
  7307 | D:5      | You fall through a shaft for 3 floors!
  7370 | D:8      | Reached skill level 5 in Fighting
  7398 | D:8      | Noticed a two-headed ogre
  7398 | D:8      | Gained mutation: You are robust. (+10% HP) [potion of
                  | mutation]
  7398 | D:8      | Gained mutation: You expend magic power (3 MP) to
                  | strengthen your wands. [potion of mutation]
  7398 | D:8      | Gained mutation: You possess an exceptional clarity of
                  | mind. [potion of mutation]
  7398 | D:8      | Gained mutation: You are resistant to hostile enchantments.
                  | (MR+) [potion of mutation]
  7413 | D:8      | Mangled by a two-headed ogre

Skill      XL: |  1  2  3  4  5  6  7  8 |
---------------+-------------------------+-----
Stealth        | 5 6 7 |  7.6
Dodging        | 1 2 3 |  3.8
Armour         | 1 2 3 4 |  4.0
Fighting       | 3 4 5 |  5.0
Short Blades   | 3 4 |  4.4
Throwing       | 3 4 |  4.2

Action                   |  1- 3 |  4- 6 |  7- 9 || total
-------------------------+-------+-------+-------++-------
Melee: Dagger            |   115 |   288 |   437 ||   840
 Fire: Blowgun           |       |       |    12 ||    12
 Abil: Evoke Flight      |       |       |     1 ||     1
       Dig               |       |       |     1 ||     1
       Shaft Self        |       |       |     1 ||     1
  Use: Potion            |       |     1 |     5 ||     6
       Scroll            |       |       |     2 ||     2
 Stab: Sleeping          |     3 |    15 |     9 ||    27
  Eat: Chunk             |       |    10 |    11 ||    21
Armor: Robe              |    43 |    47 |   102 ||   192
Dodge: Dodged            |    85 |   150 |   256 ||   491
